% Time on Ice - LAS VEGAS LIZARD KINGS
Lines # - Real PCT - Wanted PCT - Time Play
Normal Forward
1 - 31% - 32% - 16:08
2 - 31% - 31% - 16:07
3 - 27% - 30% - 13:58
4 - 11% - 7% - 5:51
Normal Defense
1 - 28% - 43% - 14:34
2 - 45% - 42% - 23:16
3 - 25% - 15% - 13:12
4 - 2% - 0% - 1:02
PP Forward
1 - 61% - 70% - 2:24
2 - 39% - 30% - 1:34
PP Defense
1 - 51% - 70% - 2:01
2 - 49% - 30% - 1:57
PK Forward
1 - 91% - 65% - 3:36
2 - 9% - 35% - 0:22
PK Defense
1 - 76% - 75% - 3:01
2 - 24% - 25% - 0:57
PK3 Forward
1 - 0% - 55%
2 - 0% - 45%
PK3 Defense
1 - 0% - 50%
2 - 0% - 50%
44 Forward
1 - 0% - 55%
2 - 0% - 45%
44 Defense
1 - 0% - 55%
2 - 0% - 45%
Last Minute Offensive  - 0:00
Last Minute Defensive  - 0:00
Total
Forward - 60:00
Defense - 60:00
% Time on Ice - SAN JOSE BRONCOS
Lines # - Real PCT - Wanted PCT - Time Play
Normal Forward
1 - 34% - 35% - 17:45
2 - 28% - 30% - 14:48
3 - 21% - 20% - 10:54
4 - 17% - 15% - 8:37
Normal Defense
1 - 36% - 36% - 18:52
2 - 33% - 31% - 17:12
3 - 22% - 23% - 11:30
4 - 9% - 10% - 4:30
PP Forward
1 - 43% - 55% - 1:43
2 - 57% - 45% - 2:15
PP Defense
1 - 57% - 55% - 2:15
2 - 43% - 45% - 1:43
PK Forward
1 - 68% - 55% - 2:42
2 - 32% - 45% - 1:16
PK Defense
1 - 52% - 55% - 2:03
2 - 48% - 45% - 1:55
PK3 Forward
1 - 0% - 55%
2 - 0% - 45%
PK3 Defense
1 - 0% - 50%
2 - 0% - 50%
44 Forward
1 - 0% - 50%
2 - 0% - 50%
44 Defense
1 - 0% - 50%
2 - 0% - 50%
Last Minute Offensive  - 0:00
Last Minute Defensive  - 0:00
Total
Forward - 60:00
Defense - 60:00
Play-by-Play 1st period 0:01 of 1st period - Evgeni Malkin wins face-off versus Sean Monahan in neutral zone. 0:34 of 1st period - Icing by Johnny Gaudreau. 0:35 of 1st period - Mikko Koivu wins face-off versus Sean Monahan in LAS VEGAS LIZARD KINGS zone. 1:14 of 1st period - Shot by Mikko Koivu. 1:14 of 1st period - Shot Misses the Net. 2:21 of 1st period - Ryan Nugent-Hopkins is hit by Jaccob Slavin and loses puck. 3:15 of 1st period - Colton Sissons is hit by Alex Petrovic and loses puck. 4:00 of 1st period - Shot by Evan Rodrigues. 4:00 of 1st period - Stopped by Jacob Markstrom with a rebound. 5:09 of 1st period - Shot by Alexander Radulov. 5:09 of 1st period - Stopped by Marc-Andre Fleury without a rebound. 5:10 of 1st period - Mikko Koivu wins face-off versus Derek Ryan in LAS VEGAS LIZARD KINGS zone. 6:11 of 1st period - Shot by Evgeni Malkin. 6:11 of 1st period - Shot Misses the Net. 6:13 of 1st period - Shot by Dustin Brown. 6:13 of 1st period - Shot Blocked by Matt Niskanen. 6:15 of 1st period - Shot by Brady Skjei. 6:15 of 1st period - Shot Blocked by Matt Niskanen. 6:17 of 1st period - Shot by Alexander Radulov. 6:17 of 1st period - Shot Misses the Net. 6:19 of 1st period - Shot by Brady Skjei. 6:19 of 1st period - Shot Blocked by Derek Ryan. 7:13 of 1st period - Shot by Ryan Nugent-Hopkins. 7:13 of 1st period - Shot Blocked by Brady Skjei. 7:41 of 1st period - Icing by Neal Pionk. 7:42 of 1st period - Evgeni Malkin wins face-off versus Sean Monahan in SAN JOSE BRONCOS zone. 8:47 of 1st period - Brent Burns is hit by Dustin Brown and loses puck. 9:36 of 1st period - Shot by Mikko Koivu. 9:36 of 1st period - Deflect By Zach Parise. 9:36 of 1st period - Shot Blocked by Brayden McNabb. 10:38 of 1st period - Off-side. 10:39 of 1st period - Sean Monahan wins face-off versus Carter Rowney in neutral zone. 11:08 of 1st period - Colton Sissons is hit by Johnny Gaudreau and loses puck. 11:48 of 1st period - Shot by Zach Parise. 11:48 of 1st period - Stopped by Marc-Andre Fleury without a rebound. 11:49 of 1st period - Cody Eakin wins face-off versus Derek Ryan in LAS VEGAS LIZARD KINGS zone. 11:55 of 1st period - Icing by Derek Ryan. 11:56 of 1st period - Mikko Koivu wins face-off versus Barclay Goodrow in LAS VEGAS LIZARD KINGS zone. 13:50 of 1st period - Shot by Sean Monahan. 13:50 of 1st period - Shot Misses the Net. 13:52 of 1st period - Shot by Nick Jensen. 13:52 of 1st period - Stopped by Jacob Markstrom without a rebound. 13:53 of 1st period - Evgeni Malkin wins face-off versus Evan Rodrigues in SAN JOSE BRONCOS zone. 14:02 of 1st period - Shot by Alexander Radulov. 14:02 of 1st period - Stopped by Marc-Andre Fleury without a rebound. 14:03 of 1st period - Evgeni Malkin wins face-off versus Sean Monahan in LAS VEGAS LIZARD KINGS zone. 14:08 of 1st period - Shot by Evgeni Malkin. 14:08 of 1st period - Stopped by Marc-Andre Fleury with a rebound. 14:14 of 1st period - Brady Skjei is hit by Sean Monahan and loses puck. 14:19 of 1st period - Shot by Johnny Gaudreau. 14:19 of 1st period - Stopped by Jacob Markstrom without a rebound. 14:20 of 1st period - Derek Ryan wins face-off versus Nick Bonino in SAN JOSE BRONCOS zone. 14:25 of 1st period - Shot by Barclay Goodrow. 14:25 of 1st period - Shot Misses the Net. 14:30 of 1st period - Neal Pionk is hit by Barclay Goodrow and loses puck. 14:45 of 1st period - Shot by Nick Bonino. 14:45 of 1st period - Shot Misses the Net. 15:35 of 1st period - Shot by Ryan Nugent-Hopkins. 15:35 of 1st period - Stopped by Jacob Markstrom with a rebound. 15:37 of 1st period - Shot by Bobby Ryan. 15:37 of 1st period - Shot Misses the Net. 15:39 of 1st period - Shot by Bobby Ryan. 15:39 of 1st period - Stopped by Jacob Markstrom without a rebound. 15:40 of 1st period - Oliver Bjorkstrand wins face-off versus Sean Monahan in SAN JOSE BRONCOS zone. 15:40 of 1st period - Oliver Bjorkstrand is hit by Johnny Gaudreau. 15:58 of 1st period - Shot by Johnny Gaudreau. 15:58 of 1st period - Stopped by Jacob Markstrom with a rebound. 16:00 of 1st period - Shot by Sean Monahan. 16:00 of 1st period - Goal by Sean Monahan - LAS VEGAS LIZARD KINGS : 1 - SAN JOSE BRONCOS : 0. 16:01 of 1st period - Dustin Brown wins face-off versus Ryan Nugent-Hopkins in neutral zone. 16:12 of 1st period - Shot by Evgeni Malkin. 16:12 of 1st period - Shot Misses the Net. 17:37 of 1st period - Shot by Zach Parise. 17:37 of 1st period - Stopped by Marc-Andre Fleury without a rebound. 17:38 of 1st period - Cody Eakin wins face-off versus Sean Monahan in LAS VEGAS LIZARD KINGS zone. 17:39 of 1st period - Shot by Anthony Beauvillier. 17:39 of 1st period - Shot Misses the Net. 17:52 of 1st period - Minor Penalty to Neal Pionk for Interference. 17:53 of 1st period - Nick Bonino wins face-off versus Sean Monahan in SAN JOSE BRONCOS zone. 18:10 of 1st period - Shot by Sean Monahan. 18:10 of 1st period - Stopped by Jacob Markstrom with a rebound. 18:39 of 1st period - Icing by Nick Jensen. 18:40 of 1st period - Sean Monahan wins face-off versus Nick Bonino in LAS VEGAS LIZARD KINGS zone. 19:18 of 1st period - Shot by Derek Ryan. 19:18 of 1st period - Stopped by Jacob Markstrom with a rebound. 19:20 of 1st period - Shot by Mike Ferland. 19:20 of 1st period - Stopped by Jacob Markstrom with a rebound. 19:22 of 1st period - Shot by Derek Ryan. 19:22 of 1st period - Shot Misses the Net. 19